 Dungeon Crawl Stone Soup version 0.20.1-1-g8b1a95d (webtiles) character file.

156 Irenicus the Insei (level 5, -2/54 HPs)
             Began as an Octopode Chaos Knight on Oct 13, 2017.
             Succumbed to poison (poison gas)
             ... on level 3 of the Dungeon.
             The game lasted 00:05:09 (2379 turns).

Irenicus the Insei (Octopode Chaos Knight)          Turns: 2379, Time: 00:05:11

Health: -2/54      AC:  1    Str: 17    XL:     5   Next: 38%
Magic:  5/5        EV: 13    Int: 14    God:    Xom [......]
Gold:   77         SH:  0    Dex: 12    Spells: 4/4 levels left

rFire    + . .     SeeInvis .     - Unarmed
rCold    . . .     Gourm    .   (no shield)
rNeg     . . .     Faith    .   (helmet restricted)
rPois    .         Spirit   .   (no amulet)
rElec    .         Reflect  .   p - ring of protection from fire
rCorr    .         Harm     .   s - ring of wizardry
MR       .....                  (no ring)
Stlth    ..........             (no ring)
Regen    0.2/turn               (no ring)
MPRegen  0.1/turn               (no ring)
                                (no ring)
                                (no ring)

@: berserking, lethally poisoned (-2 -> -42), very quick
A: almost no armour, stealthy swim, amphibious, 8 rings, constrict 8, camouflage
1, gelatinous body 1
a: Renounce Religion


You were on level 3 of the Dungeon.
You worshipped Xom.
You were a very special plaything of Xom.
You were hungry.

You visited 1 branch of the dungeon, and saw 3 of its levels.

You collected 77 gold pieces.

Inventory:

Jewellery
 p - a ring of protection from fire (left tentacle)
 s - a ring of wizardry (right tentacle)
Wands
 t - a wand of lightning (12/15)
Scrolls
 b - 2 scrolls of teleportation
 c - 2 scrolls of enchant weapon {unknown}
 d - 2 scrolls of recharging {unknown}
 f - 3 scrolls of remove curse {unknown}
 g - 2 scrolls of blinking {unknown}
 j - a scroll of enchant armour {unknown}
 k - a scroll of identify {unknown}
 n - 2 scrolls of magic mapping {unknown}
 r - 2 scrolls of amnesia {unknown}
Potions
 e - a potion of berserk rage
 l - a potion of heal wounds {unknown}
 m - 2 potions of lignification {unknown}
 q - a potion of haste {unknown}
 u - 2 potions of agility {unknown}
Comestibles
 a - 2 bread rations
 i - 3 meat rations
 o - 5 fruits


   Skills:
 - Level 3.0 Fighting
 - Level 2.3 Dodging
 + Level 5.9 Unarmed Combat


You had 4 spell levels left.
You didn't know any spells.

Dungeon Overview and Level Annotations

Branches:
Dungeon (3/15)

Altars:


Innate Abilities, Weirdness & Mutations

You cannot wear most types of armour.
You are very stealthy in the water. (Stealth+)
You are amphibious.
You can wear up to eight rings at the same time.
You can use your tentacles to constrict eight enemies at once.
Your skin changes colour to match your surroundings (Stealth+).
Your rubbery body absorbs attacks. (AC +1, EV +1)


Message History

You are engulfed in poison gas.
You are more poisoned.
You feel very sick.
You are engulfed in poison gas.
You are more poisoned.
You feel very sick.
You feel better.
You are engulfed in poison gas.
You are poisoned.
You feel sick.
You are engulfed in poison gas.
You are more poisoned.
* * * LOW HITPOINT WARNING * * *
x2 You feel sick.
It was a potion of berserk rage.
A red film seems to cover your vision as you go berserk!
You feel yourself moving faster!
You feel mighty!
Xom is mildly amused.
You are engulfed in poison gas.
You are more poisoned.
* * * LOW HITPOINT WARNING * * *
You die...
Xom cackles wildly!

.....##.#.....#
# #
####.##.#######
# #.##.# #
#.##.######## #
#.##.........
#####......#####
.....(####.# #
#######
#.###########§#
#......@§§§§§.#
###############


There were no monsters in sight!

Vanquished Creatures
  7 adders
  2 worms
  3 dart slugs
  2 leopard geckos
  2 ball pythons
  3 giant cockroaches
  12 goblins
  11 hobgoblins
  4 jackals (D:1)
  A quokka (D:3)
  11 bats
  6 frilled lizards
  7 kobolds
  11 rats
82 creatures vanquished.

Notes
Turn   | Place    | Note
-------+----------+-------------------------------------------
     0 | D:1      | Irenicus the Octopode Chaos Knight began the quest for the Orb.
     0 | D:1      | Reached XP level 1. HP: 16/16 MP: 1/1
     8 | D:1      | XOM: potion effect (might)
    57 | D:1      | XOM: butterfly on damage
    61 | D:1      | Reached XP level 2. HP: 6/21 MP: 2/2
   170 | D:1      | XOM: silly message
   173 | D:1      | HP: 1/21 [giant cockroach (2)]
   201 | D:1      | Reached skill level 4 in Unarmed Combat
   506 | D:1      | Reached XP level 3. HP: 26/26 MP: 3/3
   835 | D:1      | XOM: mild Pois miscast
  1084 | D:2      | Reached XP level 4. HP: 18/31 MP: 4/4
  1151 | D:2      | XOM: cast spell 'Olgreb's Toxic Radiance'
  1325 | D:2      | Reached skill level 5 in Unarmed Combat
  1718 | D:3      | XOM: stealth player
  1769 | D:3      | XOM: smoke on damage
  1773 | D:3      | Reached XP level 5. HP: 17/36 MP: 5/5
  1953 | D:3      | XOM: harmless Tloc miscast
  1963 | D:3      | XOM is BORED!
  1963 | D:3      | XOM: silly message
  2372 | D:3      | XOM: medium Air miscast
  2379 | D:3      | HP: 1/54 [something (6)]
  2379 | D:3      | Succumbed to poison (poison gas)

Skill      XL: |  1  2  3  4 |
---------------+-------------+-----
Unarmed Combat | 4 5 |  5.9
Fighting       | |  3.0
Dodging        | |  2.3

Action                   |  1- 3 |  4- 6 || total
-------------------------+-------+-------++-------
Melee: Unarmed           |    80 |    89 ||   169
       Constrict         |    18 |    24 ||    42
       Tentacles         |    11 |    12 ||    23
       Punch             |     1 |     2 ||     3
  Use: Potion            |       |     2 ||     2
       Scroll            |       |     1 ||     1
 Stab: Sleeping          |     7 |    14 ||    21
  Eat: Chunk             |       |     4 ||     4
Armor: Skin              |     4 |     8 ||    12
Dodge: Dodged            |    48 |    40 ||    88
